Map: World of Sleepers LE

Players

TurkeyDano - Winner!

  • Race: Protoss Protoss
  • League: Master
  • Spawn Location: 7:00

GrimReaperEU

  • Race: Protoss Protoss
  • Spawn Location: 1:00

VOD

Have the link to the VOD?

Description

Time

  • Played on: Oct. 20, 2019, 3:30 p.m.
  • Length: 15:38
Show
View Real Time Build Order
Export as new Build Order

TurkeyDano Protoss - Winner!

Build Orders: Archon Immortal 

Get SALT Encoding   

  12  0:00  Probe  
  13  0:13  Probe  
  14  0:17  Pylon  
  14  0:25  Probe (Chrono Boost)  
  15  0:37  Probe (Chrono Boost)  
  15  0:41  Gateway  
  16  0:44  Probe (Chrono Boost)  
  16  0:48  Assimilator  
  17  0:52  Probe  
  18  1:04  Probe  
  18  1:06  Assimilator  
  19  1:14  Gateway  
  19  1:18  Probe  
  20  1:28  Cybernetics Core  
  20  1:30  Probe  
  21  1:38  Pylon  
  21  1:42  Probe  
  22  1:54  Probe  
  23  2:02  Adept (Chrono Boost)  
  23  2:06  Warp Gate, Probe  
  28  2:11  Pylon  
  28  2:12  Adept (Chrono Boost)  
  28  2:20  Probe  
  28  2:21  Pylon  
  29  2:33  Probe  
  29  2:35  Robotics Facility  
  30  2:43  Stalker x2  
  34  2:53  Probe  
  34  2:56  Pylon  
  35  3:13  Stalker x2  
  39  3:23  Gateway  
  39  3:31  Immortal (Chrono Boost)  
  41  3:55  Stalker x2  
  45  4:03  Warp Prism  
  45  4:21  Stalker  
  47  4:26  Pylon  
  47  4:28  Pylon  
  47  4:32  Pylon  
  47  4:44  Probe  
  48  4:47  Twilight Council  
  48  4:54  Observer  
  48  4:57  Probe  
  48  5:19  Nexus  
  46  5:33  Stalker x3  
  52  5:39  Observer  
  49  5:55  Pylon  
  47  6:00  Stalker  
  47  6:01  Stalker x2  
  53  6:05  Pylon  
  53  6:07  Shield Battery  
  53  6:13  Probe  
  54  6:19  Dark Shrine  
  54  6:38  Probe x2  
  56  6:47  Blink (Chrono Boost)  
  56  6:50  Probe (Chrono Boost)  
  56  6:51  Probe (Chrono Boost)  
  56  6:53  Shield Battery  
  58  6:55  Shield Battery  
  60  7:02  Probe (Chrono Boost)  
  60  7:03  Probe (Chrono Boost)  
  60  7:07  Probe x2 (Chrono Boost)  
  62  7:16  Probe  
  62  7:17  Probe  
  64  7:28  Gateway, Probe  
  64  7:29  Gateway, Probe  
  66  7:30  Dark Templar  
  66  7:31  Dark Templar  
  66  7:33  Dark Templar  
  72  7:40  Assimilator  
  72  7:41  Probe  
  72  7:42  Assimilator  
  73  7:49  Immortal (Chrono Boost)  
  76  8:09  Probe x2  
  74  8:21  Probe x2  
  74  8:25  Zealot  
  74  8:26  Zealot x3  
  84  8:27  Zealot  
  86  8:34  Charge (Chrono Boost)  
  86  8:44  Immortal (Chrono Boost)  
  90  8:51  Zealot x2  
  94  8:56  Pylon  
  94  8:57  Pylon  
  94  8:58  Pylon  
  92  9:07  Zealot x2  
  92  9:15  Pylon  
  88  9:18  Pylon, Observer  
  86  9:29  Pylon, Immortal (Chrono Boost)  
  84  9:35  Forge  
  88  9:49  Dark Templar  
  88  9:50  Dark Templar x4  
  98  9:53  Archon  
  98  9:54  Archon  
  98  10:11  Warp Prism (Chrono Boost)  
  98  10:12  Protoss Ground Weapons Level 1 (Chrono Boost)  
  92  10:31  Zealot x4  
  92  10:32  Zealot  
  98  10:37  Gateway  
  98  10:52  Zealot x5  
  97  11:19  Dark Templar x2  
  97  11:20  Observer (Chrono Boost)  
  88  11:26  Photon Cannon  
  88  11:30  Observer  
  77  11:34  Probe (Chrono Boost)  
  77  11:36  Probe (Chrono Boost)  
  79  11:45  Archon, Probe (Chrono Boost)  
  81  11:49  Probe (Chrono Boost)  
  82  12:02  Dark Templar x2  
  56  12:20  Stalker x4  
  64  12:43  Observer (Chrono Boost)  
  60  12:47  Probe  
  60  12:48  Probe  
  60  12:56  Observer (Chrono Boost)  
  61  13:00  Probe  
  61  13:01  Dark Templar x3  
  61  13:02  Dark Templar  
  66  13:06  Archon x2  
  66  13:16  Observer  
  67  13:28  Zealot x2  
  67  13:33  Zealot x3  
  66  14:02  Observer  
  67  14:07  Dark Templar x4  
  75  14:23  Observer  
  48  14:50  Stalker x2  
  48  14:51  Stalker x3  
  50  15:12  Stalker  
  52  15:14  Stalker x2  
  52  15:15  Stalker  
  52  15:16  Archon  
Show
View Real Time Build Order
Export as new Build Order

GrimReaperEU Protoss 

Build Orders: Blink Stalkers 

Get SALT Encoding   

  12  0:00  Probe  
  13  0:12  Probe  
  14  0:17  Pylon  
  14  0:24  Probe  
  15  0:37  Probe (Chrono Boost)  
  15  0:38  Gateway  
  16  0:46  Probe (Chrono Boost)  
  16  0:49  Assimilator  
  17  0:51  Probe (Chrono Boost)  
  18  1:00  Assimilator  
  18  1:03  Probe  
  19  1:16  Gateway, Probe  
  20  1:29  Probe  
  20  1:31  Cybernetics Core  
  21  1:41  Probe  
  21  1:43  Pylon  
  22  1:53  Probe  
  23  2:05  Probe  
  23  2:06  Stalker x2 (Chrono Boost)  
  24  2:09  Warp Gate  
  28  2:17  Probe  
  29  2:24  Pylon  
  29  2:28  Stalker  
  31  2:42  Stalker  
  33  2:59  Twilight Council  
  33  3:01  Probe  
  33  3:03  Stalker  
  36  3:16  Shield Battery  
  36  3:24  Stalker  
  38  3:37  Pylon  
  38  3:38  Blink (Chrono Boost)  
  38  3:42  Nexus  
  38  3:50  Forge  
  38  3:54  Probe  
  37  4:09  Stalker  
  35  4:11  Shield Battery  
  35  4:14  Stalker  
  37  4:25  Dark Shrine  
  37  4:26  Pylon  
  37  4:30  Shield Battery  
  37  4:37  Stalker x2  
  41  5:05  Nexus  
  41  5:19  Shield Battery  
  41  5:25  Gateway  
  41  5:37  Pylon  
  41  5:39  Dark Templar  
  41  6:03  Pylon  
  41  6:12  Gateway, Dark Templar  
  41  6:16  Probe  
  41  6:17  Protoss Ground Weapons Level 1 (Chrono Boost)  
  44  6:22  Probe  
  44  6:23  Photon Cannon  
  45  6:29  Probe  
  46  6:34  Probe  
  47  6:41  Probe  
  47  6:46  Probe  
  49  6:52  Charge (Chrono Boost)  
  49  6:53  Probe  
  50  7:00  Nexus  
  50  7:02  Pylon  
  50  7:06  Probe  
  51  7:13  Probe  
  52  7:19  Probe  
  53  7:28  Photon Cannon  
  53  7:37  Gateway  
  53  7:40  Gateway, Probe x2  
  53  7:43  Gateway  
  55  7:46  Stalker x2  
  59  8:01  Robotics Facility  
  59  8:03  Gateway  
  59  8:05  Photon Cannon  
  59  8:10  Gateway  
  59  8:11  Probe  
  60  8:25  Archon  
  60  8:29  Stalker x2  
  62  8:49  Probe x2  
  62  8:50  Probe  
  62  8:52  Observer  
  65  8:58  Gateway  
  65  9:01  Gateway  
  63  9:04  Gateway  
  63  9:08  Gateway  
  63  9:10  Pylon  
  63  9:12  Pylon, Dark Templar  
  63  9:13  Dark Templar x2  
  67  9:26  Probe  
  67  9:27  Probe  
  69  9:36  Zealot  
  71  9:43  Protoss Ground Weapons Level 2 (Chrono Boost)  
  71  9:48  Photon Cannon  
  71  9:49  Zealot x3  
  77  10:12  Stalker, Observer (Chrono Boost)  
  77  10:13  Stalker x2  
  73  10:36  Zealot, Probe x2  
  73  10:37  Zealot x4  
  85  10:56  Pylon, Probe x2  
  85  10:58  Pylon  
  85  10:59  Pylon  
  85  11:01  Zealot  
  85  11:02  Pylon  
  64  11:12  Pylon  
  64  11:14  Zealot  
  64  11:15  Zealot x3  
  64  11:16  Zealot  
  70  11:26  Zealot x3  
  72  11:47  Stalker x3  
  78  11:57  Stalker x2  
  52  12:18  Zealot  
  52  12:19  Zealot x4  
  54  12:24  Stalker  
  56  12:31  Stalker  
  57  12:43  Dark Templar  
  53  12:48  Zealot x2  
  53  12:49  Observer, Zealot  
  59  13:19  Nexus  
  59  13:24  Archon  
  59  13:25  Stalker x2  
  59  13:26  Stalker  
  65  13:46  Zealot x5  
  69  13:53  Dark Templar  
  63  13:59  Dark Templar x2  
  57  14:10  Stalker x4  
  57  14:12  Archon  
  57  14:14  Zealot  
  66  14:28  Dark Templar  
  54  14:32  Stalker x2  
  54  14:33  Stalker x2  
  40  14:48  Observer (Chrono Boost)  
  40  14:52  Stalker  
  39  15:13  Stalker  
  41  15:27  Shield Battery  
Tags
 
Add a new tag
Caveats
  • Supply blocks, unpowered buildings, or Contaminate may cause inaccurate times.
  • Supply counts are checked every 10 seconds.